 Dungeon Sprint DCSS version 0.30-a0-2-gf48d83f5e2 (webtiles) character file.

Game seed: 9630637811681549179

13422 enile the Fetichist (level 12, -16/103 HPs)
             Began as a Djinni Fire Elementalist on Aug 20, 2022.
             Was the Champion of Cheibriados.
             Killed from afar by a storm dragon (37 damage)
             ... with a bolt of lightning
             ... in the Dungeon (Sprint V: "Ziggurat Sprint").
             The game lasted 00:08:52 (1440 turns).

enile the Fetichist (Djinni Fire Elementalist)      Turns: 1440, Time: 00:08:52

Health: -16/103    AC: 22    Str: 34    XL:     12   Next: 32%
Gold:   0          EV: 12    Int: 36    God:    Cheibriados [******] SH:  0 Dex: 30

rFire   + + +      SeeInvis .    A - +7 great mace "Firestarter" {inner flame, rF++}
rCold   . . .      Faith    .    (shield currently unavailable)
rNeg    . . .      Spirit   .    D - +5 gold dragon scales
rPois   ∞          Reflect  .    (no helmet)
rElec   .          Harm     .    U - +1 cloak {Will+}
rCorr   .          Rampage  .    (no gloves)
Will    ++...      NoTele   +    (boots unavailable)
Stlth   ..........               (no amulet)
HPRegen 0.27/turn                t - +6 ring of strength
MPRegen 0.00/turn                s - +6 ring of strength

@: flying, very slow
A: sickness immunity, fire resistance 2, cold vulnerability 1, float, innate
caster, HP casting, extra vitality 1
a: Renounce Religion, Bend Time, Temporal Distortion, Slouch, Step From Time


You were in the Dungeon.
You worshipped Cheibriados.
Cheibriados was exalted by your worship.
You visited 1 branch

Inventory:

Hand Weapons
 x - the +6 Majin-Bo {vamp, MP+6 Int+6}
   (You found it in the Dungeon)

   It heals its wielder for a portion of the damage dealt when they wound a
   living foe with it or with a spell.
   Its wielder's spells cost health as well as magical power.
   Int:       It affects your intelligence (+6).
   MP:        It affects your magic capacity (+6).
 y - the +9 heavy crossbow "Sniper" {vorpal, Acc+∞ SInv}
   (You found it in the Dungeon)

   Any ammunition fired from it inflicts extra damage upon your enemies.
   Any ammunition fired from it never misses its target.
   SInv:      It lets you see invisible.
 z - the +7 Singing Sword {vorpal, sonic wave}
   (You found it in the Dungeon)

   It inflicts extra damage upon your enemies.
   It radiates damaging sonic waves as it strikes, especially in combat
   involving dangerous or numerous foes.
 A - the +7 great mace "Firestarter" (weapon) {inner flame, rF++}
   (You found it in the Dungeon)

   It burns those it strikes, dealing additional fire damage.
   It fills those it strikes with an explosive inner flame.
   It grants immunity to clouds of flame.
   rF:        It greatly protects you from fire.
 B - a +5 triple sword
 G - a +4 scimitar of freezing
 I - the +7 hand axe of the Gnashing Gods {vorpal, rCorr Int+3}
   (You found it in the Dungeon)

   It inflicts extra damage upon your enemies.
   Int:       It affects your intelligence (+3).
   rCorr:     It protects you from acid and corrosion.
Armour
 a - a +0 robe
 j - a +5 crystal plate armour
 D - +5 gold dragon scales (worn)
 F - the +4 leather armour of the Eternal Void {rPois rF+}
   (You found it in the Dungeon)

   rF:        It protects you from fire.
   rPois:     It protects you from poison.
 N - a +3 ring mail of cold resistance
 P - a +2 robe of willpower
 Q - the +4 Cigotuvi's embrace {rMiasma Drain rN+}
   (You found it in the Dungeon)

   It gathers nearby corpses to temporarily increase the armour it provides.
   It protects you from foul pestilence.
   rN:        It protects you from negative energy.
   Drain:     It drains your maximum health when unequipped.
 U - a +1 cloak of willpower (worn)
Magical Staves
 O - a staff of conjuration
 R - a staff of cold
 T - a staff of earth
 X - a staff of air
Jewellery
 o - a +6 ring of dexterity
 p - a +6 ring of dexterity
 q - a +6 ring of intelligence
 r - a +6 ring of intelligence
 s - a +6 ring of strength (right hand)
 t - a +6 ring of strength (left hand)
 H - a ring of see invisible
 S - an amulet of faith
 V - a ring of positive energy
 Y - the ring of Insomnia {rCorr SInv}
   (You found it in the Dungeon)

   [ring of resist corrosion]

   SInv:      It lets you see invisible.
   rCorr:     It protects you from acid and corrosion.
Wands
 u - a wand of mindburst (7)
 v - a wand of iceblast (4)
 w - a wand of light (4)
Scrolls
 f - 3 scrolls of blinking
 l - 7 scrolls of butterflies
 m - 5 scrolls of identify
 n - 2 scrolls of fear (quivered)
 K - a scroll of brand weapon
Potions
 b - 10 potions of curing
 c - 11 potions of heal wounds
 d - 10 potions of haste
 e - 3 potions of berserk rage
 g - 2 potions of brilliance
 h - 2 potions of invisibility
 i - 3 potions of resistance
 k - 5 potions of might
Miscellaneous
 C - a lightning rod (4/4)
 E - a phial of floods
 J - a tin of tremorstones (2/2)
 L - a phantom mirror
 M - a box of beasts
 W - a condenser vane


   Skills:
 + Level 15.2 Fighting
 - Level 6.0 Armour
 - Level 7.0 Dodging
 - Level 3.1 Stealth
 - Level 10.0 Spellcasting
 - Level 14.0 Invocations
 - Level 16.0 Evocations


You had 6 spell levels left.
You knew the following spells:

 Your Spells              Type           Power      Damage    Failure   Level
a - Foxfire               Conj/Fire      100%       2x1d9     1%          1
b - Scorch                Fire           100%       2d10      1%          2
c - Conjure Flame         Conj/Fire      74%        6-21      2%          3
d - Inner Flame           Hex/Fire       74%        N/A       2%          3
e - Flame Wave            Conj/Fire      74%        2d16      10%         4
f - Necrotise             Necr           100%       1d9       1%          1
g - Static Discharge      Conj/Air       74%        3-13/arc  1%          2
h - Call Imp              Summ           74%        N/A       1%          2
i - Ignite Poison         Fire/Tmut/Pois 74%        N/A       2%          3
j - Hailstorm             Conj/Ice       74%        3d15      10%         4
Your spell library was empty.

Dungeon Overview and Level Annotations

Branches:
Dungeon (1/1)

Altars:
Ashenzari
Cheibriados
Dithmenos
Elyvilon
Fedhas
Gozag
Hepliaklqana
Makhleb
Nemelex Xobeh
Okawaru
Qazlal
Ru
Trog
Uskayaw
Wu Jian
Xom
Yredelemnul
Zin
The Shining One
Jiyva
Lugonu


Innate Abilities, Weirdness & Mutations

You are immune to sickness and miasma.
You are immune to poison.
Your flesh is very heat resistant. (rF++)
You are vulnerable to cold. (rC-)
You float through the air rather than walking.
You learn spells naturally, not from books.
Your magical power is your life essence.
You have superior vitality. (+4 MHP)


Message History

The burst of rock shards engulfs you but does no damage.
You hear a shout!
The air elemental is engulfed in freezing vapours.
An air elemental comes into view.
The storm dragon is engulfed in freezing vapours.
The storm dragon breathes lightning at you.
The bolt of lightning hits you!!
The wind drake is engulfed in freezing vapours.
The storm dragon is engulfed in freezing vapours.
The wind drake is engulfed in freezing vapours.
The air elemental is engulfed in freezing vapours.
The air elemental fires a burst of electricity at you.
The stunning burst hits you!
You shrug off the repeated paralysis!
The storm dragon is engulfed in freezing vapours.
Your tin of tremorstones (2/2) has regained one charge.
Your condenser vane has recharged.
Your Evocations skill increases to level 15!
Activating: Slouch (0% risk of failure)
Press: ? - help, Dir - look around, f - activate You can feel time thicken for a moment.
You destroy the air elemental!
Cheibriados thoroughly appreciates the change of pace.
You destroy the air elemental!
Cheibriados thoroughly appreciates the change of pace.
The wind drake is engulfed in freezing vapours. x2
The storm dragon is engulfed in freezing vapours.
Training target 16.0 for Evocations reached!
Your Evocations skill increases to level 16!
You need to enable at least one skill for training.
Okay, then.
Activating: Slouch (0% risk of failure)
Press: ? - help, Dir - look around, f - activate You can feel time thicken for a moment.
You kill the wind drake!
Cheibriados thoroughly appreciates the change of pace.
You kill the wind drake!
Cheibriados appreciates the change of pace.
The storm dragon breathes lightning at you.
The bolt of lightning hits you!!!
You die...

▓▓▓▓▓▓▓▓▓▓▓
▓..§§§§§§§§.▓...8©8...▓
▓..§§§§§§§§.▓..)}[.=..▓
▓..§§§§§†...▓.....}...▓
....§D§D...▓....)....▓
...§§§... ▓.........▓
▓.§§§.▓ ▓.........▓
▓▓...▓▓ ▓.........▓
▓..▓..@..▓..▓.▓.....▓.▓
▓.....©.....▓....©....▓
▓▓▓▓▓▓▓▓▓▓▓▓▓▓▓▓▓▓▓▓▓▓▓
▓...8©8...▓...8©8...▓..
▓..)):)}|.▓..)})::..▓..
▓...})|)..▓..}..)...▓..
▓.........▓..†..†...▓..
▓.....÷...▓...†††...▓..
▓..÷.÷....▓.........▓..


You could see 2 storm dragons.

Vanquished Creatures
  A catoblepas (D)
  A spriggan air mage (D)
  3 two-headed ogres (D)
  A black mamba (D)
  An elephant (D)
  2 cane toads (D)
  3 eyes of devastation (D)
  5 rime drakes (D)
  A freezing wraith (D)
  5 komodo dragons (D)
  3 ice devils (D)
  A troll (D)
  4 wind drakes (D)
  4 merfolk (D)
  A blink frog (D)
  4 air elementals (D)
  4 yaks (D)
  A golden eye (D)
  A basilisk (D)
  A hell hound (D)
  A water moccasin (D)
  An orc warrior (D)
  2 large abominations (D)
  An ogre (D)
  A phantom (D)
  A bullfrog (D)
  2 necrophages (D)
  3 scorpions (D)
  A wight (D)
  A crimson imp (D)
  A jelly (D)
  2 orc priests (D)
  4 orc wizards (D)
  A shadow imp (D)
  3 adder skeletons (D)
  2 orcs (D)
  A bat zombie (D)
  2 endoplasms (D)
  2 ball python zombies (D)
  2 giant cockroach zombies (D)
  A quokka skeleton (D)
  2 quokka zombies (D)
84 creatures vanquished.

Notes
Turn   | Place    | Note
-------+----------+-------------------------------------------
     0 | D        | enile the Djinni Fire Elementalist began the quest for the
                  | Orb.
     0 | D        | enile set off with the following spells memorised: Foxfire,
                  | Scorch, Conjure Flame, Inner Flame, Flame Wave.
     0 | D        | Reached XP level 1. HP: 15/15 MP: 0/0
     0 | D        | Found a sacrificial altar of Ru.
     0 | D        | Found a bloodstained altar of Trog.
     0 | D        | Found a stormy altar of Qazlal.
     0 | D        | Found an iron altar of Okawaru.
     0 | D        | Found a sparkling altar of Nemelex Xobeh.
     0 | D        | Found a blossoming altar of Fedhas.
     0 | D        | Found the +6 Majin-Bo {vamp, MP+6 Int+6}
     0 | D        | Found the +9 heavy crossbow "Sniper" {vorpal, Acc+∞ SInv}
     0 | D        | Found the +10 dark maul {vorpal}
     0 | D        | Found the +15 Maxwell's patent armour {-Cast -Tele rElec
                  | Will+ rCorr}
     0 | D        | Found the +18 shield of the Gong {rElec rN+ Will+ EV-5}
     0 | D        | Found the +14 obsidian axe {vorpal, Mesm Drain Fly SInv}
     0 | D        | Found the +7 great mace "Firestarter" {inner flame, rF++}
     0 | D        | Found the +6 shillelagh "Devastator" {shatter}
     0 | D        | Found the +11 plutonium sword {Contam Stlth-}
     0 | D        | Found the +8 lance "Wyrmbane" {slay drac, rPois rF+ rC+
                  | AC+3}
     0 | D        | Found the +9 sword of Zonguldrok {reap}
     0 | D        | Found the +13 scythe of Curses {drain, Drain}
     0 | D        | Found the +5 sword of Power {vorpal}
     0 | D        | Found the +7 mace of Variability {chain chaos}
     0 | D        | Found the +7 Singing Sword {vorpal, sonic wave}
     0 | D        | Found the +8 storm bow {elec, penet}
     2 | D        | Found a transporter.
     2 | D        | Found a viscous altar of Jiyva.
     2 | D        | Found a corrupted altar of Lugonu.
     2 | D        | Found a hazy altar of Hepliaklqana.
     2 | D        | Found a burning altar of Makhleb.
     2 | D        | Found an opulent altar of Gozag.
    39 | D        | Reached skill level 5 in Fighting
    39 | D        | Reached skill level 5 in Evocations
    39 | D        | Reached XP level 2. HP: 28/28 MP: 0/0
    66 | D        | Became a worshipper of Cheibriados the Contemplative
   111 | D        | Entered arena 2.
   111 | D        | Noticed a wight
   111 | D        | Noticed a necrophage
   111 | D        | Found a transporter.
   113 | D        | Killed a wight
   114 | D        | Reached XP level 3. HP: 33/33 MP: 0/0
   114 | D        | Learned a level 1 spell: Necrotise
   114 | D        | Reached XP level 4. HP: 39/39 MP: 0/0
   116 | D        | Killed a necrophage
   117 | D        | Reached XP level 5. HP: 43/47 MP: 0/0
   117 | D        | Learned a level 2 spell: Static Discharge
   152 | D        | Entered arena 3.
   152 | D        | Found a transporter.
   155 | D        | Reached * piety under Cheibriados
   156 | D        | Reached ** piety under Cheibriados
   157 | D        | Reached skill level 10 in Fighting
   157 | D        | Reached XP level 6. HP: 53/58 MP: 0/0
   159 | D        | Reached skill level 7 in Evocations
   187 | D        | Got the +4 leather armour of the Eternal Void {rPois rF+}
   213 | D        | Entered arena 4.
   213 | D        | Noticed a large abomination
   213 | D        | Noticed a large abomination
   213 | D        | Found a transporter.
   218 | D        | Reached skill level 8 in Evocations
   218 | D        | Killed a large abomination
   219 | D        | Reached XP level 7. HP: 63/63 MP: 0/0
   219 | D        | Learned a level 2 spell: Call Imp
   219 | D        | Killed a large abomination
   219 | D        | Reached *** piety under Cheibriados
   220 | D        | Reached skill level 5 in Spellcasting
   220 | D        | Reached XP level 8. HP: 68/68 MP: 0/0
   227 | D        | Got the +7 hand axe of the Gnashing Gods {vorpal, rCorr
                  | Int+3}
   231 | D        | Entered arena 5.
   231 | D        | Noticed a merfolk
   231 | D        | Noticed a merfolk
   231 | D        | Noticed a merfolk
   231 | D        | Noticed a merfolk
   231 | D        | Found a transporter.
   234 | D        | Killed a merfolk
   235 | D        | Killed a merfolk
   235 | D        | Reached **** piety under Cheibriados
   236 | D        | Reached skill level 1 in Armour
   238 | D        | Killed a merfolk
   239 | D        | Reached skill level 5 in Armour
   239 | D        | Reached XP level 9. HP: 23/74 MP: 0/0
   239 | D        | Learned a level 3 spell: Ignite Poison
   240 | D        | Killed a merfolk
   499 | D        | Entered arena 6.
   499 | D        | Noticed a two-headed ogre
   499 | D        | Noticed a troll
   499 | D        | Noticed a two-headed ogre
   499 | D        | Noticed a two-headed ogre
   499 | D        | Found a transporter.
   500 | D        | Reached ***** piety under Cheibriados
   500 | D        | Killed a troll
   501 | D        | Killed a two-headed ogre
   501 | D        | Killed a two-headed ogre
   501 | D        | Killed a two-headed ogre
   501 | D        | Reached ****** piety under Cheibriados
   502 | D        | Reached skill level 15 in Fighting
   502 | D        | Reached skill level 10 in Evocations
   502 | D        | Reached XP level 10. HP: 85/90 MP: 0/0
   536 | D        | Entered arena 7.
   541 | D        | Found a transporter.
   560 | D        | Entered arena 8.
   560 | D        | Noticed a freezing wraith
   560 | D        | Noticed a rime drake
   560 | D        | Noticed an ice devil
   560 | D        | Noticed a rime drake
   560 | D        | Noticed an ice devil
   560 | D        | Noticed an ice devil
   562 | D        | Killed a rime drake
   562 | D        | Killed a rime drake
   563 | D        | Reached skill level 12 in Evocations
   563 | D        | Killed an ice devil
   565 | D        | Killed an ice devil
   566 | D        | Killed a freezing wraith
   567 | D        | Reached skill level 10 in Invocations
   568 | D        | Killed an ice devil
   594 | D        | Found a transporter.
   608 | D        | Entered arena 9.
   608 | D        | Found the +4 Cigotuvi's embrace {rMiasma Drain rN+}
   608 | D        | Noticed an eye of devastation
   608 | D        | Noticed an eye of devastation
   608 | D        | Noticed an eye of devastation
   611 | D        | Reached XP level 11. HP: 78/95 MP: 0/0
   611 | D        | Learned a level 4 spell: Hailstorm
   881 | D        | Found a transporter.
   900 | D        | Entered arena 10.
   951 | D        | Found a transporter.
   975 | D        | Entered arena 11.
   979 | D        | Found a transporter.
  1003 | D        | Entered arena 12.
  1003 | D        | Noticed an elephant
  1011 | D        | Killed an elephant
  1125 | D        | Found a transporter.
  1146 | D        | Entered arena 13.
  1146 | D        | Noticed a catoblepas
  1149 | D        | Reached skill level 10 in Spellcasting
  1150 | D        | Reached skill level 13 in Evocations
  1151 | D        | Reached XP level 12. HP: 94/102 MP: 0/0
  1155 | D        | Killed a catoblepas
  1156 | D        | Reached skill level 14 in Evocations
  1413 | D        | Found a transporter.
  1419 | D        | Got the ring of Insomnia {rCorr SInv}
  1435 | D        | Entered arena 14.
  1436 | D        | Noticed a spriggan air mage
  1436 | D        | Noticed a spriggan air mage
  1436 | D        | Noticed a storm dragon
  1436 | D        | Noticed a storm dragon
  1437 | D        | Paralysed by an air elemental for 1 turns
  1438 | D        | Killed a spriggan air mage
  1439 | D        | Reached skill level 15 in Evocations
  1440 | D        | Reached skill level 16 in Evocations
  1440 | D        | Killed from afar by a storm dragon

Illustrated notes

Levels and vault maps discovered:
D:        sprint_v [room_start, room_1, room_2, room_3, room_4, room_5, room_6,
          room_7, room_8, room_9, room_10, room_11, room_12, room_13, room_14,
          room_15, room_16, room_17, room_18, room_19, room_20, room_21,
          room_22, room_23, room_24, room_25, room_26, room_27]

Skill      XL: |  1  2  3  4  5  6  7  8  9 10 11 12 |
---------------+-------------------------------------+-----
Fighting       | 5 7 10 15 | 15.2
Evocations     | 5 8 10 12 13 16 | 16.0
Dodging        | 3 7 |  7.0
Stealth        | 3 |  3.1
Spellcasting   | 3 5 7 10 | 10.0
Invocations    | 4 8 11 14 | 14.0
Armour         | 5 6 |  6.0

Action                   |  1- 3 |  4- 6 |  7- 9 | 10-12 || total
-------------------------+-------+-------+-------+-------++-------
Melee: Great mace        |       |     5 |       |    14 ||    19
Invok: Slouch            |       |       |       |     7 ||     7
Evoke: Lightning rod     |     2 |     7 |     6 |    15 ||    30
       Wand              |       |     2 |     4 |       ||     6
       Tin of tremorston |       |       |     2 |    11 ||    13
       Condenser vane    |       |       |       |     2 ||     2
  Use: Potion            |     1 |       |       |     4 ||     5
       Scroll            |       |       |       |     1 ||     1
Armor: Gold dragon scale |     1 |    10 |     4 |    28 ||    43
Dodge: Dodged            |       |       |     1 |    20 ||    21

Table legend: (Time is in decaauts)
 A = Elapsed time spent in this place.
 B = Non-inter-level travel time spent in this place.
 C = Inter-level travel time spent in this place.
 D = Time resting spent in this place.
 E = Time spent auto-exploring this place.
 F = Levels seen in this place.
 G = Mean time per level.
                   A        B        C        D        E       F      G
               +--------+--------+--------+--------+--------+-----+--------+
         Total |   1619 |   1619 |      0 |      0 |   1080 |   1 | 1619.0 |
       Dungeon |   1619 |   1619 |      0 |      0 |   1080 |   1 | 1619.0 |
               +--------+--------+--------+--------+--------+-----+--------+

Top non-repeatable levels by time:
       D: 1619 daAuts
